 Dungeon Crawl Stone Soup version 0.19-a0-1922-g1e9a4c1 (webtiles) character file.

16 Psiweapon the Insei (level 2, -2/21 HPs)
             Began as a Demonspawn Transmuter on Oct 24, 2016.
             Slain by a jackal (3 damage)
             ... on level 3 of the Dungeon.
             The game lasted 00:01:56 (919 turns).

Psiweapon the Insei (Demonspawn Transmuter)          Turns: 919, Time: 00:01:57

Health: -2/21      AC:  2    Str: 10    XL:     2   Next: 41%
Magic:  5/5        EV: 12    Int: 14    God:
Gold:   46         SH:  0    Dex: 13    Spells: 1 memorised, 4 levels left

rFire  . . .     SeeInvis .       - Unarmed
rCold  . . .     Gourm    .     b - +0 robe
rNeg   . . .     Faith    .     (no shield)
rPois  .         Spirit   .     (no helmet)
rElec  .         Reflect  .     (no cloak)
rCorr  .         Harm     .     (no gloves)
MR     .....                    (no boots)
Stlth  +.........               (no amulet)
                                (no ring)
                                (no ring)

@: appendage (expiring)
A: claws 1, horns 2
a: End Transformation


You were on level 3 of the Dungeon.
You were not hungry.
You had grown temporary horns.
You visited 1 branch of the dungeon, and saw 3 of its levels.

You collected 46 gold pieces.

Inventory:

Hand Weapons
 j - a +0 hunting sling
Missiles
 a - 12 arrows
Armour
 b - a +0 robe (worn)
Scrolls
 e - a scroll of random uselessness {unknown}
 i - a scroll of teleportation {unknown}
Potions
 f - a potion of berserk rage {unknown}
 g - a potion of curing {unknown}
Books
 c - a book of Changes

   Spells                             Type                      Level
   a - Beastly Appendage              Transmutation                1
   b - Sticks to Snakes               Transmutation                2
   c - Spider Form                    Transmutation/Poison         3
   d - Ice Form                       Ice/Transmutation            4
   e - Blade Hands                    Transmutation                5
Comestibles
 d - a bread ration


   Skills:
 - Level 1.0 Fighting
 - Level 1.7 Dodging
 * Level 3.2 Unarmed Combat
 - Level 2.0 Spellcasting
 + Level 2.1 Transmutations


You had 4 spell levels left.
You knew the following spells:

 Your Spells              Type           Power        Failure   Level  Hunger
a - Beastly Appendage     Tmut           #.....       12%         1    ##.....


Dungeon Overview and Level Annotations

Branches:
Dungeon (3/15)

Altars:

Annotations:
D:1 exclusion: downstairs
D:2 Jessica


Innate Abilities, Weirdness & Mutations

You have sharp fingernails.
You have a pair of horns on your head.


Message History

The jackal closely misses you.
You barely miss the hobgoblin.
The hobgoblin is severely wounded.
The jackal bites you. The jackal closely misses you.
The rat twitches its whiskers.
The jackal bites you. The hobgoblin hits you with a club.
* * * LOW HITPOINT WARNING * * *
The jackal closely misses you.
A giant cockroach comes into view.
You scratch the hobgoblin.
You kill the hobgoblin!
The jackal barely misses you. x2; The jackal bites you.
* * * LOW HITPOINT WARNING * * *
The jackal closely misses you.
You scratch the rat.
You kill the rat!
The jackal bites you.
* * * LOW HITPOINT WARNING * * *
The jackal barely misses you. x2; The jackal bites you.
You die...

... #..!.......
.... #....?.....
..!.. .........#
.....##.......##
....#.........# .
#r..........# ...
#....<......#
.....###h........#
......s@h.........
.!...###h.......##
... #.#.....## .
#.#.......
..........#
..#..#####.# ..
.## .. .#


You could see 3 jackals and a giant cockroach.

Vanquished Creatures
  A goblin (D:1)
  4 hobgoblins
  6 kobolds (D:1)
  A bat (D:1)
  A frilled lizard (D:1)
  3 rats
16 creatures vanquished.

Notes
Turn   | Place    | Note
-------+----------+-------------------------------------------
     0 | D:1      | Psiweapon the Demonspawn Transmuter began the quest for the Orb.
     0 | D:1      | Reached XP level 1. HP: 15/15 MP: 3/3
   310 | D:1      | Reached skill level 3 in Unarmed Combat
   518 | D:1      | Gained mutation: You have sharp fingernails. [demonic ancestry]
   518 | D:1      | Reached XP level 2. HP: 21/21 MP: 3/5
   859 | D:2      | Noticed Jessica
   919 | D:3      | HP: 1/21 [jackal (2)]
   919 | D:3      | Slain by a jackal

Vault maps used:
D:1:      scummos_arrival_hexagon
D:2:      kennysheep_slug_shrine, chequers_temple_overflow_minitemple,
          nemelex_xobeh_ov_fountains_minmay, uniq_sigmund, uniq_jessica
D:3:      grunt_dithmenos_smoke

Skill      XL: |  1 |
---------------+----+-----
Unarmed Combat | 3 |  3.2
Transmutations | 2 |  2.1
Fighting       | |  1.0
Dodging        | |  1.7
Spellcasting   | |  2.0

Action                   || total
-------------------------++-------
Melee: Unarmed           ||    41
       Kick              ||     4
       Headbutt          ||     1
 Cast: Beastly Appendage ||    11
Armor: Robe              ||     5
Dodge: Dodged            ||    33
